 Dungeon Crawl Stone Soup version 0.28-a0-1236-gb25a51b929 (webtiles) character file.

Game seed: 15626782800117308678

164467 karrick the Blocker (level 17, 0/137 HPs)
             Began as a Gnoll Fighter on Dec 26, 2021.
             Was a High Priest of Okawaru.
             Slain by a meliai (10 damage)
             ... on level 14 of the Dungeon.
             The game lasted 02:20:56 (46990 turns).

karrick the Blocker (Gnoll Fighter)                Turns: 46990, Time: 02:20:57

Health: 0/137      AC: 33    Str: 17    XL:     17   Next: 85%
Magic:  32/33      EV: 16    Int: 11    God:    Okawaru [*****.]
Gold:   300        SH:  0    Dex: 18    Spells: 35/40 levels left

rFire   . . .      SeeInvis .   Q - +4 war axe (freeze)
rCold   . . .      Faith    +   (no shield)
rNeg    . . .      Spirit   .   U - +1 chain mail of the Pink Corner {Rampage rPois Dex+3}
rPois   +          Reflect  .   D - +2 hat
rElec   .          Harm     .   e - +2 cloak {Will+}
rCorr   .          Rampage  +   W - +2 pair of gloves
Will    +++..                   k - +2 pair of boots {rampage}
Stlth   ++++......              n - amulet of faith
HPRegen 0.32/turn               o - +4 ring of protection
MPRegen 0.23/turn               K - ring of willpower

@: about to teleport, heroic
A: fangs 1, strong nose, distributed training
a: Renounce Religion, Heroism, Finesse, Duel


You were on level 14 of the Dungeon.
You worshipped Okawaru.
Okawaru was extremely pleased with you.
You visited 6 branches of the dungeon, and saw 28 of its levels.
You also visited: Sewer, Ice Cave and Volcano.

You collected 2752 gold pieces.
You spent 2452 gold pieces at shops.

Inventory:

Hand Weapons
 r - the +7 shortbow of Dissent {vorpal, rElec Str+2 Stlth+}
   (You found it on level 6 of the Lair of Beasts)

   Any ammunition fired from it inflicts extra damage upon your enemies.
   Str:       It affects your strength (+2).
   rElec:     It insulates you from electricity.
   Stlth:     It makes you more stealthy.
 C - a +5 triple crossbow
 M - the +1 long sword "Lem Tody" {drain, *Corrode rN+ Int+3 Dex+7}
   (You found it on level 7 of the Dungeon)

   A truly terrible weapon, it drains the life of any living foe it strikes.
   Int:       It affects your intelligence (+3).
   Dex:       It affects your dexterity (+7).
   rN:        It protects you from negative energy.
   *Corrode:  It may corrode you when you take damage.
 Q - a +4 war axe of freezing (weapon)
 Z - the +7 morningstar of the Mind {drain, Int+2 Dex+5}
   (You took it off a kobold brigand on level 10 of the Dungeon)

   A truly terrible weapon, it drains the life of any living foe it strikes.
   Int:       It affects your intelligence (+2).
   Dex:       It affects your dexterity (+5).
Missiles
 f - 103 arrows
 z - 14 silver javelins (quivered)
Armour
 c - a +0 buckler
 e - a +2 cloak of willpower (worn)
 k - a +2 pair of boots of rampaging (worn)
 m - a scarf of resistance
 D - a +2 hat (worn)
 E - the +4 skin of Zhor {*Englaciate rC+++ SInv}
   (You found it in an ice cave)

   It radiates cold, occasionally slowing all nearby creatures who are not
   resistant to cold.
   rC:        It renders you almost immune to cold.
   SInv:      It lets you see invisible.
 U - the +1 chain mail of the Pink Corner (worn) {Rampage rPois Dex+3}
   (You bought it in a shop on level 9 of the Dungeon)

   Dex:       It affects your dexterity (+3).
   rPois:     It protects you from poison.
   Rampage:   It bestows one free step when moving towards enemies.
 W - a +2 pair of gloves (worn)
Jewellery
 i - a +6 ring of strength
 n - an amulet of faith (around neck)
 o - a +4 ring of protection (left hand)
 p - a ring of protection from cold
 x - an amulet of guardian spirit
 K - a ring of willpower (right hand)
 R - a +4 ring of evasion
Wands
 a - a wand of polymorph (21)
 b - a wand of acid (5)
 g - a wand of mindburst (22)
 q - a wand of digging (15)
 y - a wand of paralysis (11)
Scrolls
 j - a scroll of enchant weapon
 l - 3 scrolls of teleportation
 s - 3 scrolls of enchant armour
 t - 2 scrolls of silence
 B - 2 scrolls of torment
 G - a scroll of summoning {unknown}
 H - a scroll of blinking
 L - 2 scrolls of holy word
 S - 3 scrolls of magic mapping
 V - 6 scrolls of immolation
 X - a scroll of fog {unknown}
 Y - a scroll of acquirement
Potions
 d - 3 potions of might
 h - 2 potions of flight
 u - 5 potions of mutation
 v - 2 potions of resistance
 A - 5 potions of cancellation
 I - a potion of berserk rage {unknown}
 J - 3 potions of haste
 N - 3 potions of ambrosia
 O - 5 potions of magic
 T - a potion of brilliance
Miscellaneous
 w - a condenser vane
 P - a box of beasts


   Skills:
 + Level 13.5(18.5) Fighting
 + Level 12.0(17.0) Short Blades
 + Level 12.0(17.0) Long Blades
 + Level 12.8(17.8) Axes
 + Level 12.0(17.0) Maces & Flails
 + Level 12.0(17.0) Polearms
 + Level 12.0(17.0) Staves
 + Level 12.0(17.0) Slings
 + Level 12.0(17.0) Bows
 + Level 12.0(17.0) Crossbows
 + Level 12.0(17.0) Throwing
 + Level 13.5(18.5) Armour
 + Level 12.0(17.0) Dodging
 + Level 12.0(17.0) Stealth
 + Level 13.5(18.5) Shields
 + Level 12.0(17.0) Unarmed Combat
 + Level 12.0 Spellcasting
 + Level 10.1 Conjurations
 + Level 10.1 Hexes
 + Level 10.1 Summonings
 + Level 10.1 Necromancy
 + Level 10.1 Translocations
 + Level 10.1 Transmutations
 + Level 10.1 Fire Magic
 + Level 10.1 Ice Magic
 + Level 10.1 Air Magic
 + Level 10.1 Earth Magic
 + Level 10.1 Poison Magic
 + Level 13.0 Invocations
 + Level 12.0 Evocations


You had 35 spell levels left.
You knew the following spells:

 Your Spells              Type           Power      Damage    Failure   Level
a - Blink                 Tloc           56%        N/A       1%          2
b - Teleport Other        Tloc           28%        N/A       2%          3

Your spell library contained the following spells:

 Spells                   Type           Power      Damage    Failure   Level
 Pain                     Necr           100%       1d9       1%          1
 Slow                     Hex            100%       N/A       1%          1
 Sublimation of Blood     Necr           28%        N/A       1%          2
 Wereblood                Tmut           28%        N/A       1%          2
 Confusing Touch          Hex            28%        N/A       2%          3
 Frozen Ramparts          Ice            56%        1d7       2%          3
 Gell's Gravitas          Tloc           28%        N/A       2%          3
 Ignite Poison            Fire/Tmut/Pois 28%        N/A       2%          3
 Lesser Beckoning         Tloc           28%        N/A       2%          3
 Mephitic Cloud           Conj/Pois/Air  28%        N/A       2%          3
 Vampiric Draining        Necr           28%        2d8       2%          3
 Hailstorm                Conj/Ice       28%        3d8       9%          4
 Ice Form                 Ice/Tmut       28%        N/A       9%          4
 Leda's Liquefaction      Hex/Erth       14%        N/A       9%          4
 Agony                    Necr           28%        N/A       26%         5
 Excruciating Wounds      Necr           14%        N/A       26%         5
 Freezing Cloud           Conj/Ice/Air   14%        6-21      26%         5
 Lee's Rapid Deconstruct  Erth           14%        3d10*     26%         5
 Manifold Assault         Tloc           28%        N/A       26%         5
 Statue Form              Tmut/Erth      18%        N/A       80%         6
 Borgnjor's Revivificati  Necr           14%        N/A       100%        8
 Summon Ice Beast         Ice/Summ       Unusable   N/A       N/A         4
 Death Channel            Necr           Unusable   N/A       N/A         6
 Simulacrum               Ice/Necr       Unusable   N/A       N/A         6
 Summon Hydra             Summ           Unusable   N/A       N/A         7

Dungeon Overview and Level Annotations

Branches:
Dungeon (14/15)            Temple (1/1) D:4            Lair (6/6) D:10
 Shoals (0/4) Lair:2       Spider (4/4) Lair:2        Slime (1/5) Lair:6
    Orc (2/2) D:10            Elf (0/3) Orc:2        Vaults (0/5) D:13
  Sewer (visited)           IceCv (visited)         Volcano (visited)

Altars:
Ashenzari
Cheibriados
Dithmenos
Elyvilon
Fedhas
Gozag
Hepliaklqana
Kikubaaqudgha
Makhleb
Nemelex Xobeh
Okawaru
Qazlal
Ru
Sif Muna
Trog
Uskayaw
Vehumet
Wu Jian
Xom
Yredelemnul
Zin
The Shining One

Shops:
D:3 (   D:4 :   D:5 [[[*[!   D:9 [   Orc:2 [!=*(

Portals:
Pandemonium: Orc:2

Annotations:
D:11 Snorg
D:13 Rupert
Spider:1 3 runed translucent doors, Anlewuag's ghost, adept GrBe; Baxzics's ghost, adept DECj; Qoqufel's ghost, journeyman GrFi; sirJeffrey23's ghost, adept HOFi


Innate Abilities, Weirdness & Mutations

You have very sharp teeth.
Your uncanny sense of smell can sniff out nearby items.
Your experience applies equally to all skills.


Message History

The meliai stings you!
Unknown command.
You are too injured to fight recklessly!
Unknown command.
Unknown command.
You closely miss the meliai. You punch the meliai.
The meliai is moderately wounded.
You barely miss the meliai. You hit the meliai but do no damage.
The meliai hits you with a +0 hand axe. The meliai misses you.
The meliai hits you but does no damage. The meliai barely misses you.
The meliai hits you with a +0 hand axe. The meliai closely misses you.
The meliai invokes the aid of its god against you.
Something smites you!
* * * LOW HITPOINT WARNING * * *
Okay, then.
As you read the scroll of teleportation, it crumbles to dust.
You feel strangely unstable. The meliai hits you with a +0 hand axe!
* * * LOW HITPOINT WARNING * * *
The meliai misses you. The meliai closely misses you.
The meliai stings you but does no damage.
The meliai hits you with a +0 hand axe.
* * * LOW HITPOINT WARNING * * *
The meliai closely misses you. The meliai hits you but does no damage.
The meliai stings you.
* * * LOW HITPOINT WARNING * * *
The meliai hits you but does no damage.
The meliai stings you but does no damage.
The meliai closely misses you.
The meliai stings you but does no damage.
You feel better. The meliai hits you but does no damage.
The meliai stings you but does no damage.
The meliai hits you but does no damage. The meliai stings you.
* * * LOW HITPOINT WARNING * * *
The meliai hits you but does no damage. The meliai completely misses you.
The meliai mumbles some strange prayers to its god against you.
Something smites you!
* * * LOW HITPOINT WARNING * * *
The meliai closely misses you. The meliai barely misses you.
The meliai hits you with a +0 hand axe!
You die...

... ... ∆ .. #. ∆
#.##########
#...........
#...........
#.@y....# #.yy....#
#.......# #.......#
#.# #.......# #.#∆
..........# #.#
...#######.#####.#∆
... #....?..# ..
#..}....#


You could see 3 meliai.

Vanquished Creatures
  Arachne (Spider:4)
  A ghost moth (Spider:2)
  An orc warlord (D:10)
  A reaper (IceCv)
  An entropy weaver (Spider:2)
  Nessos (Lair:6)
  3 spark wasps
  Josephine (Lair:4)
  8 vault guards
  11 hydras
  6 boulder beetles
  A demonspawn (Orc:2)
  2 ghost crabs (Spider:2)
  A catoblepas (Lair:6)
  5 centaur warriors (D:13)
  2 two-headed ogres
  4 death yaks (Lair:4)
  7 orc high priests (Orc:2)
  Urug (Lair:1)
  Nergalle (D:10)
  2 fire crabs
  A sun demon (Orc:2)
  A sixfirhy (Orc:2)
  A deep elf archer (Volcano)
  A lindwurm (Lair:2)
  6 deep elf pyromancers
  7 orc knights
  A necromancer (Lair:3)
  27 wolf spiders
  2 manticores
  7 orc sorcerers
  25 orb spiders
  2 ugly things
  2 cyclopes
  3 moths of wrath
  Maurice (D:8)
  8 elephants
  3 black mambas
  2 ice statues (IceCv)
  14 cane toads
  7 torpor snails
  3 rime drakes (Lair:2)
  Maggie (D:7)
  2 gargoyles (D:12)
  An unseen horror (D:11)
  2 entropy weaver simulacra (IceCv)
  A freezing wraith (IceCv)
  A tengu conjurer (D:8)
  6 ice devils
  7 komodo dragons
  8 demonic crawlers
  9 polar bears
  5 anaconda simulacra (IceCv)
  6 trolls
  The ghost of bearlyready the Skirmisher, an amateur DsAr (D:4)
  A red devil (Orc:2)
  4 tyrant leeches
  36 jumping spiders
  12 hornets
  A wind drake (Lair:2)
  35 blink frogs
  14 slime creatures
  A dream sheep (Lair:6)
  85 redbacks
  14 spriggans (Lair:6)
  3 wyverns
  2 shadows
  23 tarantellas
  6 wraiths
  70 yaks
  6 fire elementals (Volcano)
  A ynoxinul (Orc:2)
  4 basilisks
  A vampire (D:12)
  2 dire elephant simulacra (IceCv)
  11 vampire mosquitoes
  A harpy simulacrum (IceCv)
  3 wargs
  An acid dragon (D:9)
  2 hell hounds (Volcano)
  16 water moccasins
  39 orc warriors
  A necrophage (D:5)
  6 black bears
  5 ogres
  29 wolves
  5 centaurs
  3 boggarts (Lair:6)
  3 kobold brigands
  14 bullfrogs
  4 scorpions
  A cane toad simulacrum (IceCv)
  A two-headed ogre simulacrum (IceCv)
  A water moccasin zombie (D:5)
  A wyvern skeleton (D:6)
  A water moccasin skeleton (D:7)
  11 killer bees
  10 wights
  An electric eel (Lair:6)
  2 vampire bats (Orc:1)
  A centaur zombie (D:9)
  A bullfrog zombie (D:7)
  4 hounds
  4 bullfrog skeletons
  A gnoll shaman (D:9)
  26 orc priests
  2 centaur skeletons
  4 jellies
  An iguana (D:4)
  13 orc wizards
  A hell rat (Sewer)
  2 polar bear simulacra (Lair:3)
  Terence (D:2)
  3 yak simulacra (Lair:3)
  A killer bee zombie (D:7)
  3 wolf simulacra
  A hound skeleton (D:4)
  2 howler monkey zombies
  9 gnolls
  6 adders
  2 river rats
  2 white imps
  An ufetubus (IceCv)
  A worm (D:2)
  A dart slug (D:3)
  85 orcs
  9 ball pythons
  9 bats
  7 endoplasms
  5 giant cockroaches
  4 hobgoblins
  2 jackals (D:3)
  31 kobolds
  5 quokkas
  A frilled lizard (D:3)
  3 goblins
  9 rats
  4 river rat simulacra (Lair:3)
995 creatures vanquished.

Vanquished Creatures (others)
  An orb spider (Spider:1)
  A tyrant leech (Spider:2)
  A wyvern (Lair:4)
  3 redbacks
  2 tarantellas
  An orc warrior (D:8)
  An orc (D:8)
  A bush (Lair:4)
  65 fungi
  161 plants
  2 withered plants (Spider:1)
239 creatures vanquished.

Grand Total: 1234 creatures vanquished

Notes
Turn   | Place    | Note
-------+----------+-------------------------------------------
     0 | D:1      | karrick the Gnoll Fighter began the quest for the Orb.
     0 | D:1      | Reached XP level 1. HP: 23/23 MP: 1/1
   188 | D:1      | Reached XP level 2. HP: 29/29 MP: 2/2
   976 | D:2      | Reached XP level 3. HP: 34/35 MP: 3/3
  1147 | D:2      | Found a glowing silver altar of Zin.
  1370 | D:2      | Noticed Terence
  1378 | D:2      | Killed Terence
  1379 | D:2      | Reached skill level 1 in Invocations
  1632 | D:2      | Reached skill level 1 in Short Blades
  1632 | D:2      | Reached skill level 1 in Long Blades
  1632 | D:2      | Reached skill level 1 in Maces & Flails
  1632 | D:2      | Reached skill level 1 in Polearms
  1632 | D:2      | Reached skill level 1 in Staves
  1632 | D:2      | Reached skill level 1 in Slings
  1632 | D:2      | Reached skill level 1 in Bows
  1632 | D:2      | Reached skill level 1 in Crossbows
  1632 | D:2      | Reached skill level 1 in Throwing
  1632 | D:2      | Reached skill level 1 in Dodging
  1632 | D:2      | Reached skill level 1 in Stealth
  1632 | D:2      | Reached skill level 1 in Unarmed Combat
  1632 | D:2      | Reached skill level 1 in Spellcasting
  1632 | D:2      | Reached skill level 1 in Evocations
  1632 | D:2      | Reached XP level 4. HP: 37/41 MP: 5/5
  1884 | D:3      | Found a faded altar of an unknown god.
  2185 | D:3      | Found Naeplis's Weapon Boutique.
  2249 | D:3      | Found a burning altar of Makhleb.
  2249 | D:3      | Noticed a cacodemon
  2380 | D:3      | Reached skill level 1 in Conjurations
  2380 | D:3      | Reached skill level 1 in Hexes
  2380 | D:3      | Reached skill level 1 in Summonings
  2380 | D:3      | Reached skill level 1 in Necromancy
  2380 | D:3      | Reached skill level 1 in Translocations
  2380 | D:3      | Reached skill level 1 in Transmutations
  2380 | D:3      | Reached skill level 1 in Fire Magic
  2380 | D:3      | Reached skill level 1 in Ice Magic
  2380 | D:3      | Reached skill level 1 in Air Magic
  2380 | D:3      | Reached skill level 1 in Earth Magic
  2380 | D:3      | Reached skill level 1 in Poison Magic
  2396 | D:3      | Found a hazy altar of Hepliaklqana.
  2433 | D:3      | Found an opulent altar of Gozag.
  2778 | D:4      | Found a snail-covered altar of Cheibriados.
  2828 | D:4      | Reached XP level 5. HP: 47/47 MP: 5/7
  2854 | D:4      | Found Jycrom's Book Shoppe.
  3071 | D:4      | Reached XP level 6. HP: 27/53 MP: 8/8
  3534 | D:3      | Reached skill level 5 in Axes
  4295 | D:4      | Found a staircase to the Ecumenical Temple.
  4309 | D:4      | Found a runed translucent door.
  4309 | D:4      | Noticed bearlyready's ghost (amateur DsAr)
  4328 | Temple   | Entered the Ecumenical Temple
  4400 | Temple   | Became a worshipper of Warmaster Okawaru
  4442 | D:4      | Reached XP level 7. HP: 54/59 MP: 10/10
  4472 | D:4      | Learned a level 2 spell: Blink
  4575 | D:4      | Found an ancient bone altar of Kikubaaqudgha.
  4797 | D:5      | Entered Level 5 of the Dungeon
  4924 | D:5      | Found Ozxoh's Assorted Antiques.
  4946 | D:5      | Found a glowing silver altar of Zin.
  4951 | D:5      | Noticed an angel
  5223 | D:5      | Bought a scroll labelled MOEMUZ XIOW for 29 gold pieces
  5223 | D:5      | Bought a coppery potion for 26 gold pieces
  5223 | D:5      | Bought a scroll labelled DUBUT DACS for 29 gold pieces
  5223 | D:5      | Bought a scroll labelled XEXICZ QUPYGG for 29 gold pieces
  5223 | D:5      | Bought a cyan potion for 26 gold pieces
  5393 | D:5      | Found Taots's Armour Shop.
  5584 | D:5      | Found Nishoc's Antique Armour Boutique.
  5624 | D:5      | Identified the +0 robe of Inevitability {rC+}
  5683 | D:5      | Reached XP level 8. HP: 60/67 MP: 12/12
  5719 | D:5      | Found Kixeu's Antique Armour Shoppe.
  5734 | D:5      | Found Soacsib's Distillery.
  5739 | D:5      | Bought a potion of curing for 39 gold pieces
  5749 | D:5      | Reached * piety under Okawaru
  6046 | D:5      | Found Alez's Antique Armour Shoppe.
  6223 | D:6      | Got the Tome of Earth and Sinister Magic
  6330 | D:6      | Found a glowing drain.
  6354 | Sewer    | Entered a sewer
  6726 | D:6      | Found a bloodstained altar of Trog.
  7429 | D:7      | Identified the +1 long sword "Lem Tody" {drain, *Corrode
                  | rN+ Int+3 Dex+7}
  7454 | D:7      | Reached ** piety under Okawaru
  7645 | D:7      | Noticed Maggie
  7651 | D:7      | Reached XP level 9. HP: 68/72 MP: 14/14
  7678 | D:8      | Noticed Maurice
  7679 | D:8      | Noticed a tengu conjurer
  7959 | D:9      | Noticed a troll
  7970 | D:10     | Entered Level 10 of the Dungeon
  8031 | D:10     | Noticed Nergalle
  8136 | D:9      | Found Joysiluq's Antique Armour Shoppe.
  8281 | D:9      | Killed a troll
  9149 | D:9      | Reached skill level 5 in Invocations
  9601 | D:9      | Reached *** piety under Okawaru
  9920 | D:9      | Reached XP level 10. HP: 66/80 MP: 17/17
 10175 | D:11     | Noticed Snorg
 10220 | D:11     | Noticed a cyclops
 10239 | D:11     | Killed a cyclops
 10240 | D:11     | Reached skill level 5 in Short Blades
 10240 | D:11     | Reached skill level 5 in Long Blades
 10240 | D:11     | Reached skill level 5 in Maces & Flails
 10240 | D:11     | Reached skill level 5 in Polearms
 10240 | D:11     | Reached skill level 5 in Staves
 10240 | D:11     | Reached skill level 5 in Slings
 10240 | D:11     | Reached skill level 5 in Bows
 10240 | D:11     | Reached skill level 5 in Crossbows
 10240 | D:11     | Reached skill level 5 in Throwing
 10240 | D:11     | Reached skill level 5 in Dodging
 10240 | D:11     | Reached skill level 5 in Stealth
 10240 | D:11     | Reached skill level 5 in Unarmed Combat
 10240 | D:11     | Reached skill level 5 in Spellcasting
 10240 | D:11     | Reached skill level 5 in Evocations
 10331 | D:11     | Noticed a boulder beetle
 10413 | D:11     | Killed a boulder beetle
 10413 | D:11     | Reached **** piety under Okawaru
 10482 | D:11     | Reached ***** piety under Okawaru
 10521 | D:11     | Killed an unseen horror
 11100 | D:12     | Received a gift from Okawaru
 11450 | D:10     | Noticed a two-headed ogre
 11456 | D:11     | Reached XP level 11. HP: 87/87 MP: 19/19
 11755 | D:10     | Identified the +7 morningstar of the Mind {drain, Int+2
                  | Dex+5}
 11833 | D:10     | Reached skill level 5 in Conjurations
 11833 | D:10     | Reached skill level 5 in Hexes
 11833 | D:10     | Reached skill level 5 in Summonings
 11833 | D:10     | Reached skill level 5 in Necromancy
 11833 | D:10     | Reached skill level 5 in Translocations
 11833 | D:10     | Reached skill level 5 in Transmutations
 11833 | D:10     | Reached skill level 5 in Fire Magic
 11833 | D:10     | Reached skill level 5 in Ice Magic
 11833 | D:10     | Reached skill level 5 in Air Magic
 11833 | D:10     | Reached skill level 5 in Earth Magic
 11833 | D:10     | Reached skill level 5 in Poison Magic
 11921 | D:10     | Found a staircase to the Lair.
 12283 | D:8      | Noticed a two-headed ogre
 12321 | D:8      | Killed a two-headed ogre
 12321 | D:8      | Received a gift from Okawaru
 12482 | D:8      | Found a blossoming altar of Fedhas.
 13113 | D:8      | Found a sacrificial altar of Ru.
 13381 | D:7      | Received a gift from Okawaru
 13506 | D:9      | Bought a transparent chain mail for 247 gold pieces
 13506 | D:9      | Identified the +1 chain mail of the Pink Corner {Rampage
                  | rPois Dex+3} (You bought it in a shop on level 9 of the
                  | Dungeon)
 13763 | D:13     | Noticed a vault guard
 13763 | D:13     | Noticed a vault guard
 13763 | D:13     | Noticed a vault guard
 13995 | D:12     | Noticed a manticore
 14003 | D:12     | Killed a manticore
 14490 | D:12     | Noticed a red ugly thing
 14614 | D:10     | Received a gift from Okawaru
 14625 | D:10     | Found a staircase to the Orcish Mines.
 14637 | Orc:1    | Entered Level 1 of the Orcish Mines
 14653 | Orc:1    | Noticed an orc warlord
 14710 | Lair:1   | Entered Level 1 of the Lair of Beasts
 14712 | Lair:1   | Noticed a five-headed hydra
 15172 | Lair:1   | Received a gift from Okawaru
 15177 | Lair:1   | Reached XP level 12. HP: 96/96 MP: 22/22
 15325 | Lair:1   | Killed a five-headed hydra
 15325 | Lair:1   | Received a gift from Okawaru
 15607 | Lair:1   | Noticed Urug
 15619 | Lair:1   | Killed Urug
 16406 | Lair:2   | Reached skill level 10 in Fighting
 16406 | Lair:2   | Reached skill level 10 in Armour
 16406 | Lair:2   | Reached skill level 10 in Shields
 16600 | Lair:2   | Found a dark tunnel.
 16609 | Volcano  | Entered a volcano
 17056 | Volcano  | Reached ****** piety under Okawaru
 17099 | Volcano  | Received a gift from Okawaru
 17921 | Lair:2   | Reached XP level 13. HP: 89/103 MP: 24/24
 18281 | Lair:2   | Found a staircase to the Shoals.
 19112 | Lair:2   | Found a hole to the Spider Nest.
 19979 | Lair:3   | Received a gift from Okawaru
 21279 | Lair:4   | Noticed Josephine
 21333 | Lair:4   | Received a gift from Okawaru
 21350 | Lair:4   | Reached skill level 10 in Axes
 21350 | Lair:4   | Reached XP level 14. HP: 49/113 MP: 26/26
 21357 | Lair:4   | Received a gift from Okawaru
 21361 | Lair:4   | Found a frozen archway.
 21389 | IceCv    | Entered an ice cave
 22715 | IceCv    | Found the +4 skin of Zhor {*Englaciate rC+++ SInv}
 22715 | IceCv    | Noticed a reaper
 22727 | IceCv    | Killed a reaper
 23329 | Lair:4   | Reached skill level 10 in Invocations
 23578 | Lair:4   | Received a gift from Okawaru
 23662 | Lair:4   | Killed Josephine
 24192 | Lair:4   | Received a gift from Okawaru
 25568 | Lair:6   | Entered Level 6 of the Lair of Beasts
 25861 | Lair:6   | Noticed Nessos
 25906 | Lair:6   | Reached XP level 15. HP: 38/120 MP: 20/28
 26247 | Lair:6   | Found a staircase to the Slime Pits.
 26762 | Lair:6   | Paralysed by a hornet for 2 turns
 26872 | Lair:6   | Received a gift from Okawaru
 26914 | Lair:6   | Reached skill level 10 in Short Blades
 26914 | Lair:6   | Reached skill level 10 in Long Blades
 26914 | Lair:6   | Reached skill level 10 in Maces & Flails
 26914 | Lair:6   | Reached skill level 10 in Polearms
 26914 | Lair:6   | Reached skill level 10 in Staves
 26914 | Lair:6   | Reached skill level 10 in Slings
 26914 | Lair:6   | Reached skill level 10 in Bows
 26914 | Lair:6   | Reached skill level 10 in Crossbows
 26914 | Lair:6   | Reached skill level 10 in Throwing
 26914 | Lair:6   | Reached skill level 10 in Dodging
 26914 | Lair:6   | Reached skill level 10 in Stealth
 26914 | Lair:6   | Reached skill level 10 in Unarmed Combat
 26914 | Lair:6   | Reached skill level 10 in Spellcasting
 26914 | Lair:6   | Reached skill level 10 in Evocations
 27016 | Lair:6   | Received a gift from Okawaru
 27060 | Lair:6   | Killed Nessos
 27547 | Lair:6   | Identified the +7 shortbow of Dissent {vorpal, rElec Str+2
                  | Stlth+}
 27732 | Slime:1  | Entered Level 1 of the Pits of Slime
 27946 | D:7      | Killed Maggie
 28070 | D:5      | Bought an ancient leather armour for 231 gold pieces
 28070 | D:5      | Identified the +3 leather armour "Ojaom" {rC+ rN+ Will-}
                  | (You bought it in a shop on level 5 of the Dungeon)
 28117 | D:5      | Bought a glowing cloak for 172 gold pieces
 28133 | D:5      | Bought a potion of degeneration for 13 gold pieces
 28133 | D:5      | Bought a potion of curing for 39 gold pieces
 28619 | D:13     | Found a gate to the Vaults.
 29074 | D:13     | Identified the +3 arbalest of Wuliemp {vorpal, Will+}
                  | (Okawaru gifted it to you on level 13 of the Dungeon)
 29074 | D:13     | Received a gift from Okawaru
 29194 | D:13     | Noticed Rupert
 29444 | D:10     | Killed Nergalle
 29760 | D:8      | Killed Maurice
 29863 | D:3      | Bought a +2 war axe of freezing for 237 gold pieces
 29953 | D:4      | Killed bearlyready's ghost
 30372 | D:10     | Killed an orc warlord
 31307 | Orc:2    | Entered Level 2 of the Orcish Mines
 31596 | Orc:2    | Found a staircase to the Elven Halls.
 32118 | Orc:2    | Found Egrapt's Weapon Emporium.
 32162 | Orc:2    | Received a gift from Okawaru
 32474 | Orc:2    | Found Buffu's General Store.
 32508 | Orc:2    | Reached XP level 16. HP: 73/128 MP: 21/30
 32559 | Orc:2    | Found Fairo's Distillery.
 32787 | Orc:2    | Received a gift from Okawaru
 32836 | Orc:2    | Bought a scroll of identify for 30 gold pieces
 32836 | Orc:2    | Bought a scroll of acquirement for 780 gold pieces
 32843 | Orc:2    | Bought a potion of heal wounds for 85 gold pieces
 33611 | Orc:2    | Received a gift from Okawaru
 34025 | Orc:2    | Paralysed by an orc sorcerer for 4 turns
 34090 | Orc:2    | Found Ranaq's Antique Armour Shop.
 34090 | Orc:2    | Found Weodemi's Jewellery Boutique.
 34090 | Orc:2    | Found a one-way gate leading to the halls of Pandemonium.
 34591 | Spider:1 | Entered Level 1 of the Spider Nest
 35409 | Spider:2 | Received a gift from Okawaru
 38669 | Spider:2 | Received a gift from Okawaru
 39081 | Spider:2 | Learned a level 3 spell: Teleport Other
 39626 | Spider:1 | Found a runed translucent gate.
 39626 | Spider:1 | Found a runed translucent gate.
 39628 | Spider:1 | Noticed Qoqufel's ghost (journeyman GrFi)
 39630 | Spider:1 | Found a runed translucent gate.
 39630 | Spider:1 | Noticed Baxzics's ghost (adept DECj)
 39630 | Spider:1 | Noticed Anlewuag's ghost (adept GrBe)
 39630 | Spider:1 | Noticed sirJeffrey23's ghost (adept HOFi)
 39722 | Spider:1 | Identified the +1 quarterstaff "Dacur" {freeze, Dex+3
                  | Stlth+}
 39788 | Spider:1 | Reached XP level 17. HP: 102/136 MP: 22/32
 41655 | Spider:3 | Received a gift from Okawaru
 41775 | Spider:2 | Received a gift from Okawaru
 43498 | Spider:4 | Entered Level 4 of the Spider Nest
 44332 | Spider:4 | Reached skill level 10 in Conjurations
 44332 | Spider:4 | Reached skill level 10 in Hexes
 44332 | Spider:4 | Reached skill level 10 in Summonings
 44332 | Spider:4 | Reached skill level 10 in Necromancy
 44332 | Spider:4 | Reached skill level 10 in Translocations
 44332 | Spider:4 | Reached skill level 10 in Transmutations
 44332 | Spider:4 | Reached skill level 10 in Fire Magic
 44332 | Spider:4 | Reached skill level 10 in Ice Magic
 44332 | Spider:4 | Reached skill level 10 in Air Magic
 44332 | Spider:4 | Reached skill level 10 in Earth Magic
 44332 | Spider:4 | Reached skill level 10 in Poison Magic
 44570 | Spider:4 | Identified the +1 robe of Jeorugh {rPois rC+ Int+3}
 44999 | Spider:4 | Noticed Arachne
 45038 | Spider:4 | Killed Arachne
 45591 | Orc:2    | Bought an amulet of faith for 440 gold pieces
 46507 | D:13     | Received a gift from Okawaru
 46990 | D:14     | Slain by a meliai

Illustrated notes

Levels and vault maps discovered:
D:1:      lemuel_arrival_rhombus, layout_basic
D:2:      layout_basic, basic_altar, uniq_terence
D:3:      layout_basic, mainiacjoe_overflow_catch_the_wave,
          makhleb_altar_promises_db, hellmonk_ecumenical_altar_blasted,
          serial_shops, shop_fountains, st_stairs_1, kennysheep_generic_room_12
D:4:      layout_basic, lemuel_coloured_pillars_altar,
          mainiacjoe_overflow_six_doors_small, minmay_temple_entry_glass,
          gammafunk_ghost_grave, serial_shops, nicolae_shop_crystal
D:5:      layout_loops_cross, zin_angel, serial_shops,
          nicolae_shop_advertising_works [nicolae_subvault_shop_adworks],
          nicolae_shop_hallway_stairs, kennysheep_little_box, shop, shop,
          skrybe_limestone_x, nicolae_inconvenience_store, serial_bayou_lagoon_b
D:6:      layout_loops_ring, mainiacjoe_overflow_catwalk, portal_sewer_entry_b
D:7:      layout_basic, uniq_maggie
D:8:      kennysheep_kobold_camp, layout_rooms, fedhas_altar_1,
          nicolae_ru_the_path_less_chosen, due_unseen_surprise, uniq_maurice
D:9:      layout_basic, serial_shops, nicolae_stop_n_shop_2,
          nicolae_benzene_ring, grunt_ministairs_15, minmay_crystal_room,
          minmay_diced_spiral
D:10:     layout_cave_pools, grunt_lair_entry_orc_guard_hut, orc_0_dummy,
          uniq_nergalle
D:11:     layout_roguey, uniq_snorg
D:12:     layout_loops_ring
D:13:     layout_basic, erik_vaults_2, drop_trap, st_stairs_6, uniq_rupert
D:14:     layout_irregular_city, minmay_staircase_bubble,
          gammafunk_ghost_fury_of_okawaru, uniq_roxanne
Temple:   dshaligram_water_room_temple
Lair:1:   layout_regular_city, grunt_megastairs_2, infiniplex_staircase_pool,
          uniq_urug
Lair:2:   layout_hall_layers, minmay_shoals_entry_beasts,
          spider_nest_entry_funnel_web, nicolae_volcano_entry_vermiform,
          cheibrodos_lair_lostbears
Lair:3:   layout_regular_city, eino_house_with_fridge
Lair:4:   layout_long_grid, portal_ice_cave_entry_pillars_2, minmay_holes,
          uniq_josephine
Lair:5:   layout_hall_layers, beast_lair_carwin_1
Lair:6:   minmay_lair_end_enchanted_forest, layout_misc_corridors,
          minmay_slime_entry_pillars, serial_bayou_shore_a, uniq_nessos
Spider:1: nicolae_spider_mines_1, gammafunk_ghost_cemetery,
          hangedman_spider_tarantella_strand
Spider:2: layout_chambers, nicolae_spider_stair_cavern
Spider:3: layout_spider_delve, drop_trap, nicolae_spider_swamp_cousins
Spider:4: grunt_spider_rune_circles, hangedman_spider_mandibles, uniq_arachne
Slime:1:  layout_caves
Orc:1:    layout_caves, nicolae_orc_lava_tube, roderic_batcave
Orc:2:    pf_orc_diabolical, layout_diamond_mine, serial_shops,
          nicolae_shop_crystal

Skill      XL: |  1  2  3  4  5  6  7  8  9 10 11 12 13 14 15 16 17 |
---------------+----------------------------------------------------+-----
Invocations    | 1 2 3 4 5 6 7 8 9 10 11 12 13 | 13.0
Short Blades   | 1 2 3 4 5 6 7 8 9 10 11 12 | 12.0
Long Blades    | 1 2 3 4 5 6 7 8 9 10 11 12 | 12.0
Maces & Flails | 1 2 3 4 5 6 7 8 9 10 11 12 | 12.0
Polearms       | 1 2 3 4 5 6 7 8 9 10 11 12 | 12.0
Staves         | 1 2 3 4 5 6 7 8 9 10 11 12 | 12.0
Slings         | 1 2 3 4 5 6 7 8 9 10 11 12 | 12.0
Bows           | 1 2 3 4 5 6 7 8 9 10 11 12 | 12.0
Crossbows      | 1 2 3 4 5 6 7 8 9 10 11 12 | 12.0
Throwing       | 1 2 3 4 5 6 7 8 9 10 11 12 | 12.0
Dodging        | 1 2 3 4 5 6 7 8 9 10 11 12 | 12.0
Stealth        | 1 2 3 4 5 6 7 8 9 10 11 12 | 12.0
Unarmed Combat | 1 2 3 4 5 6 7 8 9 10 11 12 | 12.0
Spellcasting   | 1 2 3 4 5 6 7 8 9 10 11 12 | 12.0
Evocations     | 1 2 3 4 5 6 7 8 9 10 11 12 | 12.0
Conjurations   | 1 2 3 4 5 6 7 8 9 10 | 10.1
Hexes          | 1 2 3 4 5 6 7 8 9 10 | 10.1
Summonings     | 1 2 3 4 5 6 7 8 9 10 | 10.1
Necromancy     | 1 2 3 4 5 6 7 8 9 10 | 10.1
Translocations | 1 2 3 4 5 6 7 8 9 10 | 10.1
Transmutations | 1 2 3 4 5 6 7 8 9 10 | 10.1
Fire Magic     | 1 2 3 4 5 6 7 8 9 10 | 10.1
Ice Magic      | 1 2 3 4 5 6 7 8 9 10 | 10.1
Air Magic      | 1 2 3 4 5 6 7 8 9 10 | 10.1
Earth Magic    | 1 2 3 4 5 6 7 8 9 10 | 10.1
Poison Magic   | 1 2 3 4 5 6 7 8 9 10 | 10.1
Axes           | 5 6 7 8 9 10 11 12 | 12.8
Fighting       | 7 8 9 10 11 12 13 | 13.5
Armour         | 7 8 9 10 11 12 13 | 13.5
Shields        | 7 8 9 10 11 12 13 | 13.5

Action                   |  1- 3 |  4- 6 |  7- 9 | 10-12 | 13-15 | 16-18 || total
-------------------------+-------+-------+-------+-------+-------+-------++-------
Melee: War axe           |    56 |   120 |   210 |    24 |   256 |   788 ||  1454
       Bite              |     6 |    30 |    51 |   134 |   267 |   209 ||   697
       Dagger            |       |   158 |       |       |       |       ||   158
       Hand axe          |       |    31 |   214 |       |       |       ||   245
       Long sword        |       |       |    60 |   235 |       |       ||   295
       Morningstar       |       |       |       |   536 |  1389 |   494 ||  2419
       Punch             |       |       |       |       |       |    16 ||    16
 Fire: Shortbow          |       |       |       |       |       |    14 ||    14
Throw: Boomerang         |       |     1 |       |     3 |       |       ||     4
       Javelin           |       |       |       |       |     9 |       ||     9
Invok: Heroism           |       |       |     7 |    16 |    24 |    19 ||    66
       Finesse           |       |       |       |       |       |     1 ||     1
Evoke: Wand              |       |       |     1 |     5 |    17 |    12 ||    35
       Condenser vane    |       |       |       |       |     3 |     2 ||     5
  Use: Potion            |       |       |     3 |     3 |     1 |     7 ||    14
       Scroll            |       |       |     7 |     6 |    15 |    13 ||    41
 Stab: Distracted        |       |       |     2 |       |     5 |     3 ||    10
       Paralysed         |       |       |       |     2 |     6 |     9 ||    17
       Sleeping          |       |       |       |     1 |    14 |     7 ||    22
Armor: Scale mail        |    21 |   151 |   252 |   133 |       |       ||   557
       Skin              |       |       |     2 |       |       |       ||     2
       Chain mail        |       |       |       |   185 |   590 |  1115 ||  1890
       Leather armour    |       |       |       |    25 |    21 |       ||    46
       Animal skin       |       |       |       |       |   133 |       ||   133
Dodge: Dodged            |    24 |   127 |   270 |   374 |   837 |  1067 ||  2699
Block: Buckler           |     8 |    78 |   161 |   237 |   661 |   633 ||  1778

Table legend: (Time is in decaauts)
 A = Elapsed time spent in this place.
 B = Non-inter-level travel time spent in this place.
 C = Inter-level travel time spent in this place.
 D = Time resting spent in this place.
 E = Time spent auto-exploring this place.
 F = Levels seen in this place.
 G = Mean time per level.
                   A        B        C        D        E       F      G
               +--------+--------+--------+--------+--------+-----+--------+
         Total |  47112 |  44495 |   2617 |   8932 |  24102 |  31 | 1519.7 |
       Dungeon |  18316 |  16789 |   1527 |   1816 |  10316 |  14 | 1308.3 |
        Temple |     92 |     73 |     19 |      0 |     60 |   1 |   92.0 |
          Lair |  10112 |   9638 |    474 |   1250 |   5817 |   6 | 1685.3 |
   Spider Nest |  10774 |  10419 |    355 |   3355 |   4908 |   4 | 2693.5 |
    Slime Pits |      3 |      3 |      0 |      0 |      0 |   1 |    3.0 |
  Orcish Mines |   4370 |   4129 |    241 |    678 |   2286 |   2 | 2185.0 |
         Sewer |    269 |    269 |      0 |      0 |    202 |   1 |  269.0 |
      Ice Cave |   1876 |   1876 |      0 |    848 |    511 |   1 | 1876.0 |
       Volcano |   1297 |   1297 |      0 |    985 |      0 |   1 | 1297.0 |
               +--------+--------+--------+--------+--------+-----+--------+

Top non-repeatable levels by time:
Spider:2: 6444 daAuts
   Orc:2: 3055 daAuts
    D:13: 2300 daAuts
  Lair:2: 2095 daAuts
  Lair:6: 2008 daAuts
   IceCv: 1876 daAuts
     D:8: 1860 daAuts
     D:9: 1821 daAuts
     D:3: 1709 daAuts
  Lair:1: 1681 daAuts
    D:12: 1680 daAuts
Spider:3: 1613 daAuts
Spider:4: 1580 daAuts
  Lair:3: 1565 daAuts
  Lair:4: 1549 daAuts
